Workbook

Sheet PSHTool
A1: PR&C Review Permanent Supportive Housing 1 | C1: 2 | D1: =C1+1 -> 3 | E1: =D1+1 -> 4 | F1: =E1+1 -> 5 | G1: =F1+1 -> 6 | H1: =G1+1 -> 7 | I1: =H1+1 -> 8 | J1: =I1+1 -> 9 | K1: =J1+1 -> 10 | ... AY1: =AX1+1 -> 50
A2: Agency Name
A3: Program Name
A4: Monitoring Date
A6: Client ID HMIS
A7: Last Name
A8: Entry Date
A9: Exit Date
A10: Length of Stay-Days | B10: =IF(B9="",$B$4-B8,B9-B8) -> 0 | C10: =IF(C9="",$B$4-C8,C9-C8) -> 0 | D10: =IF(D9="",$B$4-D8,D9-D8) -> 0 | E10: =IF(E9="",$B$4-E8,E9-E8) -> 0 | F10: =IF(F9="",$B$4-F8,F9-F8) -> 0 | G10: =IF(G9="",$B$4-G8,G9-G8) -> 0 | H10: =IF(H9="",$B$4-H8,H9-H8) -> 0 | I10: =IF(I9="",$B$4-I8,I9-I8) -> 0 | ... AY10: =IF(AY9="",$B$4-AY8,AY9-AY8) -> 0
A13: Standard | B13: Determination and Notes | C13: Determination and Notes | D13: Determination and Notes | E13: Determination and Notes | F13: Determination and Notes | G13: Determination and Notes | H13: Determination and Notes | I13: Determination and Notes | J13: Determination and Notes | K13: Determination and Notes | L13: Determination and Notes | M13: Determination and Notes | N13: Determination and Notes | O13: Determination and Notes | P13: Determination and Notes | Q13: Determination and Notes | R13: Determination and Notes | S13: Determination and Notes | T13: Determination and Notes | U13: Determination and Notes | V13: Determination and Notes | W13: Determination and Notes | X13: Determination and Notes | Y13: Determination and Notes | Z13: Determination and Notes | AA13: Determination and Notes | AB13: Determination and Notes | AC13: Determination and Notes | AD13: Determination and Notes | AE13: Determination and Notes | AF13: Determination and Notes | AG13: Determination and Notes | AH13: Determination and Notes | AI13: Determination and Notes | AJ13: Determination and Notes | AK13: Determination and Notes | AL13: Determination and Notes | AM13: Determination and Notes | AN13: Determination and Notes | AO13: Determination and Notes | AP13: Determination and Notes | AQ13: Determination and Notes | AR13: Determination and Notes | AS13: Determination and Notes | AT13: Determination and Notes | AU13: Determination and Notes | AV13: Determination and Notes | AW13: Determination and Notes | AX13: Determination and Notes | AY13: Determination and Notes
A14: Documentation of Homlessness
A16: Duration or Episodes of Homelessness
A18: Documentation of Disability
A20: Annual Service Needs Assessment
A22: Termination and Appeals Acknowledgement
A24: Termination and Appeals Documentation
A26: Individualized Housing Stability Plans
A28: Case file documentation
A30: Lease
A32: Assessment/Prioritization (HAST/RPT)
A34: Documentation of Income at Entry
A36: Documentation of VAWA
... A40: Lead-based Pint Documentation
B47: Yes
B48: No
B49: N/A
A51: =A14 -> Documentation of Homlessness
A52: Files Reviewed | B52: =IF(B14="",0,1) -> 0 | C52: =IF(C14="",0,1) -> 0 | D52: =IF(D14="",0,1) -> 0 | E52: =IF(E14="",0,1) -> 0 | F52: =IF(F14="",0,1) -> 0 | G52: =IF(G14="",0,1) -> 0 | H52: =IF(H14="",0,1) -> 0 | I52: =IF(I14="",0,1) -> 0 | ... AY52: =IF(AY14="",0,1) -> 0 | AZ52: =SUM(B52:AY52) -> 0
A53: Applicable Files | B53: =IF(B14="N/A",0,1) -> 1 | C53: =IF(C14="N/A",0,1) -> 1 | D53: =IF(D14="N/A",0,1) -> 1 | E53: =IF(E14="N/A",0,1) -> 1 | F53: =IF(F14="N/A",0,1) -> 1 | G53: =IF(G14="N/A",0,1) -> 1 | H53: =IF(H14="N/A",0,1) -> 1 | I53: =IF(I14="N/A",0,1) -> 1 | ... AY53: =IF(AY14="N/A",0,1) -> 1 | AZ53: =SUM(B53:AY53) -> 50
A54: Non Compliant | B54: =IF(B14="NO",1,0) -> 0 | C54: =IF(C14="NO",1,0) -> 0 | D54: =IF(D14="NO",1,0) -> 0 | E54: =IF(E14="NO",1,0) -> 0 | F54: =IF(F14="NO",1,0) -> 0 | G54: =IF(G14="NO",1,0) -> 0 | H54: =IF(H14="NO",1,0) -> 0 | I54: =IF(I14="NO",1,0) -> 0 | ... AY54: =IF(AY14="NO",1,0) -> 0 | AZ54: =SUM(B54:AY54) -> 0
A55: =A16 -> Duration or Episodes of Homelessness
A56: Files Reviewed | B56: =IF(B16="",0,1) -> 0 | C56: =IF(C16="",0,1) -> 0 | D56: =IF(D16="",0,1) -> 0 | E56: =IF(E16="",0,1) -> 0 | F56: =IF(F16="",0,1) -> 0 | G56: =IF(G16="",0,1) -> 0 | H56: =IF(H16="",0,1) -> 0 | I56: =IF(I16="",0,1) -> 0 | ... AY56: =IF(AY16="",0,1) -> 0 | AZ56: =SUM(B56:AY56) -> 0
A57: Applicable Files | B57: =IF(B16="N/A",0,1) -> 1 | C57: =IF(C16="N/A",0,1) -> 1 | D57: =IF(D16="N/A",0,1) -> 1 | E57: =IF(E16="N/A",0,1) -> 1 | F57: =IF(F16="N/A",0,1) -> 1 | G57: =IF(G16="N/A",0,1) -> 1 | H57: =IF(H16="N/A",0,1) -> 1 | I57: =IF(I16="N/A",0,1) -> 1 | ... AY57: =IF(AY16="N/A",0,1) -> 1 | AZ57: =SUM(B57:AY57) -> 50
A58: Non Compliant | B58: =IF(B16="NO",1,0) -> 0 | C58: =IF(C16="NO",1,0) -> 0 | D58: =IF(D16="NO",1,0) -> 0 | E58: =IF(E16="NO",1,0) -> 0 | F58: =IF(F16="NO",1,0) -> 0 | G58: =IF(G16="NO",1,0) -> 0 | H58: =IF(H16="NO",1,0) -> 0 | I58: =IF(I16="NO",1,0) -> 0 | ... AY58: =IF(AY16="NO",1,0) -> 0 | AZ58: =SUM(B58:AY58) -> 0
A59: =A18 -> Documentation of Disability
A60: Files Reviewed | B60: =IF(B18="",0,1) -> 0 | C60: =IF(C18="",0,1) -> 0 | D60: =IF(D18="",0,1) -> 0 | E60: =IF(E18="",0,1) -> 0 | F60: =IF(F18="",0,1) -> 0 | G60: =IF(G18="",0,1) -> 0 | H60: =IF(H18="",0,1) -> 0 | I60: =IF(I18="",0,1) -> 0 | ... AY60: =IF(AY18="",0,1) -> 0 | AZ60: =SUM(B60:AY60) -> 0
A61: Applicable Files | B61: =IF(B18="N/A",0,1) -> 1 | C61: =IF(C18="N/A",0,1) -> 1 | D61: =IF(D18="N/A",0,1) -> 1 | E61: =IF(E18="N/A",0,1) -> 1 | F61: =IF(F18="N/A",0,1) -> 1 | G61: =IF(G18="N/A",0,1) -> 1 | H61: =IF(H18="N/A",0,1) -> 1 | I61: =IF(I18="N/A",0,1) -> 1 | ... AY61: =IF(AY18="N/A",0,1) -> 1 | AZ61: =SUM(B61:AY61) -> 50
A62: Non Compliant | B62: =IF(B18="NO",1,0) -> 0 | C62: =IF(C18="NO",1,0) -> 0 | D62: =IF(D18="NO",1,0) -> 0 | E62: =IF(E18="NO",1,0) -> 0 | F62: =IF(F18="NO",1,0) -> 0 | G62: =IF(G18="NO",1,0) -> 0 | H62: =IF(H18="NO",1,0) -> 0 | I62: =IF(I18="NO",1,0) -> 0 | ... AY62: =IF(AY18="NO",1,0) -> 0 | AZ62: =SUM(B62:AY62) -> 0
A63: =A20 -> Annual Service Needs Assessment
A64: Files Reviewed | B64: =IF(B20="",0,1) -> 0 | C64: =IF(C20="",0,1) -> 0 | D64: =IF(D20="",0,1) -> 0 | E64: =IF(E20="",0,1) -> 0 | F64: =IF(F20="",0,1) -> 0 | G64: =IF(G20="",0,1) -> 0 | H64: =IF(H20="",0,1) -> 0 | I64: =IF(I20="",0,1) -> 0 | ... AY64: =IF(AY20="",0,1) -> 0 | AZ64: =SUM(B64:AY64) -> 0
A65: Applicable Files | B65: =IF(B20="N/A",0,1) -> 1 | C65: =IF(C20="N/A",0,1) -> 1 | D65: =IF(D20="N/A",0,1) -> 1 | E65: =IF(E20="N/A",0,1) -> 1 | F65: =IF(F20="N/A",0,1) -> 1 | G65: =IF(G20="N/A",0,1) -> 1 | H65: =IF(H20="N/A",0,1) -> 1 | I65: =IF(I20="N/A",0,1) -> 1 | ... AY65: =IF(AY20="N/A",0,1) -> 1 | AZ65: =SUM(B65:AY65) -> 50
A66: Non Compliant | B66: =IF(B20="NO",1,0) -> 0 | C66: =IF(C20="NO",1,0) -> 0 | D66: =IF(D20="NO",1,0) -> 0 | E66: =IF(E20="NO",1,0) -> 0 | F66: =IF(F20="NO",1,0) -> 0 | G66: =IF(G20="NO",1,0) -> 0 | H66: =IF(H20="NO",1,0) -> 0 | I66: =IF(I20="NO",1,0) -> 0 | ... AY66: =IF(AY20="NO",1,0) -> 0 | AZ66: =SUM(B66:AY66) -> 0
A67: =A22 -> Termination and Appeals Acknowledgement
A68: Files Reviewed | B68: =IF(B22="",0,1) -> 0 | C68: =IF(C22="",0,1) -> 0 | D68: =IF(D24="",0,1) -> 0 | E68: =IF(E24="",0,1) -> 0 | F68: =IF(F24="",0,1) -> 0 | G68: =IF(G24="",0,1) -> 0 | H68: =IF(H24="",0,1) -> 0 | I68: =IF(I24="",0,1) -> 0 | J68: =IF(J24="",0,1) -> 0 | K68: =IF(K24="",0,1) -> 0 | ... AY68: =IF(AY24="",0,1) -> 0 | AZ68: =SUM(B68:AY68) -> 0
A69: Applicable Files | B69: =IF(B22="N/A",0,1) -> 1 | C69: =IF(C22="N/A",0,1) -> 1 | D69: =IF(D22="N/A",0,1) -> 1 | E69: =IF(E22="N/A",0,1) -> 1 | F69: =IF(F22="N/A",0,1) -> 1 | G69: =IF(G22="N/A",0,1) -> 1 | H69: =IF(H22="N/A",0,1) -> 1 | I69: =IF(I22="N/A",0,1) -> 1 | ... AY69: =IF(AY22="N/A",0,1) -> 1 | AZ69: =SUM(B69:AY69) -> 50
A70: Non Compliant | B70: =IF(B22="NO",1,0) -> 0 | C70: =IF(C22="NO",1,0) -> 0 | D70: =IF(D22="NO",1,0) -> 0 | E70: =IF(E22="NO",1,0) -> 0 | F70: =IF(F22="NO",1,0) -> 0 | G70: =IF(G22="NO",1,0) -> 0 | H70: =IF(H22="NO",1,0) -> 0 | I70: =IF(I22="NO",1,0) -> 0 | ... AY70: =IF(AY22="NO",1,0) -> 0 | AZ70: =SUM(B70:AY70) -> 0
A71: =A24 -> Termination and Appeals Documentation
A72: Files Reviewed | B72: =IF(B24="",0,1) -> 0 | C72: =IF(C24="",0,1) -> 0 | D72: =IF(D24="",0,1) -> 0 | E72: =IF(E24="",0,1) -> 0 | F72: =IF(F24="",0,1) -> 0 | G72: =IF(G24="",0,1) -> 0 | H72: =IF(H24="",0,1) -> 0 | I72: =IF(I24="",0,1) -> 0 | ... AY72: =IF(AY24="",0,1) -> 0 | AZ72: =SUM(B72:AY72) -> 0
A73: Applicable Files | B73: =IF(B24="N/A",0,1) -> 1 | C73: =IF(C24="N/A",0,1) -> 1 | D73: =IF(D24="N/A",0,1) -> 1 | E73: =IF(E24="N/A",0,1) -> 1 | F73: =IF(F24="N/A",0,1) -> 1 | G73: =IF(G24="N/A",0,1) -> 1 | H73: =IF(H24="N/A",0,1) -> 1 | I73: =IF(I24="N/A",0,1) -> 1 | ... AY73: =IF(AY24="N/A",0,1) -> 1 | AZ73: =SUM(B73:AY73) -> 50
A74: Non Compliant | B74: =IF(B24="NO",1,0) -> 0 | C74: =IF(C24="NO",1,0) -> 0 | D74: =IF(D24="NO",1,0) -> 0 | E74: =IF(E24="NO",1,0) -> 0 | F74: =IF(F24="NO",1,0) -> 0 | G74: =IF(G24="NO",1,0) -> 0 | H74: =IF(H24="NO",1,0) -> 0 | I74: =IF(I24="NO",1,0) -> 0 | ... AY74: =IF(AY24="NO",1,0) -> 0 | AZ74: =SUM(B74:AY74) -> 0
A75: =A26 -> Individualized Housing Stability Plans
A76: Files Reviewed | B76: =IF(B26="",0,1) -> 0 | C76: =IF(C26="",0,1) -> 0 | D76: =IF(D26="",0,1) -> 0 | E76: =IF(E26="",0,1) -> 0 | F76: =IF(F26="",0,1) -> 0 | G76: =IF(G26="",0,1) -> 0 | H76: =IF(H26="",0,1) -> 0 | I76: =IF(I26="",0,1) -> 0 | ... AY76: =IF(AY26="",0,1) -> 0 | AZ76: =SUM(B76:AY76) -> 0
A77: Applicable Files | B77: =IF(B26="N/A",0,1) -> 1 | C77: =IF(C26="N/A",0,1) -> 1 | D77: =IF(D26="N/A",0,1) -> 1 | E77: =IF(E26="N/A",0,1) -> 1 | F77: =IF(F26="N/A",0,1) -> 1 | G77: =IF(G26="N/A",0,1) -> 1 | H77: =IF(H26="N/A",0,1) -> 1 | I77: =IF(I26="N/A",0,1) -> 1 | ... AY77: =IF(AY26="N/A",0,1) -> 1 | AZ77: =SUM(B77:AY77) -> 50
A78: Non Compliant | B78: =IF(B26="NO",1,0) -> 0 | C78: =IF(C26="NO",1,0) -> 0 | D78: =IF(D26="NO",1,0) -> 0 | E78: =IF(E26="NO",1,0) -> 0 | F78: =IF(F26="NO",1,0) -> 0 | G78: =IF(G26="NO",1,0) -> 0 | H78: =IF(H26="NO",1,0) -> 0 | I78: =IF(I26="NO",1,0) -> 0 | ... AY78: =IF(AY26="NO",1,0) -> 0 | AZ78: =SUM(B78:AY78) -> 0
A79: =A28 -> Case file documentation
A80: Files Reviewed | B80: =IF(B28="",0,1) -> 0 | C80: =IF(C28="",0,1) -> 0 | D80: =IF(D28="",0,1) -> 0 | E80: =IF(E28="",0,1) -> 0 | F80: =IF(F28="",0,1) -> 0 | G80: =IF(G28="",0,1) -> 0 | H80: =IF(H28="",0,1) -> 0 | I80: =IF(I28="",0,1) -> 0 | ... AY80: =IF(AY28="",0,1) -> 0 | AZ80: =SUM(B80:AY80) -> 0
A81: Applicable Files | B81: =IF(B28="N/A",0,1) -> 1 | C81: =IF(C28="N/A",0,1) -> 1 | D81: =IF(D28="N/A",0,1) -> 1 | E81: =IF(E28="N/A",0,1) -> 1 | F81: =IF(F28="N/A",0,1) -> 1 | G81: =IF(G28="N/A",0,1) -> 1 | H81: =IF(H28="N/A",0,1) -> 1 | I81: =IF(I28="N/A",0,1) -> 1 | ... AY81: =IF(AY28="N/A",0,1) -> 1 | AZ81: =SUM(B81:AY81) -> 50
A82: Non Compliant | B82: =IF(B28="NO",1,0) -> 0 | C82: =IF(C28="NO",1,0) -> 0 | D82: =IF(D28="NO",1,0) -> 0 | E82: =IF(E28="NO",1,0) -> 0 | F82: =IF(F28="NO",1,0) -> 0 | G82: =IF(G28="NO",1,0) -> 0 | H82: =IF(H28="NO",1,0) -> 0 | I82: =IF(I28="NO",1,0) -> 0 | ... AY82: =IF(AY28="NO",1,0) -> 0 | AZ82: =SUM(B82:AY82) -> 0
A83: =A30 -> Lease
A84: Files Reviewed | B84: =IF(B30="",0,1) -> 0 | C84: =IF(C30="",0,1) -> 0 | D84: =IF(D30="",0,1) -> 0 | E84: =IF(E30="",0,1) -> 0 | F84: =IF(F30="",0,1) -> 0 | G84: =IF(G30="",0,1) -> 0 | H84: =IF(H30="",0,1) -> 0 | I84: =IF(I30="",0,1) -> 0 | ... AY84: =IF(AY30="",0,1) -> 0 | AZ84: =SUM(B84:AY84) -> 0
A85: Applicable Files | B85: =IF(B30="N/A",0,1) -> 1 | C85: =IF(C30="N/A",0,1) -> 1 | D85: =IF(D30="N/A",0,1) -> 1 | E85: =IF(E30="N/A",0,1) -> 1 | F85: =IF(F30="N/A",0,1) -> 1 | G85: =IF(G30="N/A",0,1) -> 1 | H85: =IF(H30="N/A",0,1) -> 1 | I85: =IF(I30="N/A",0,1) -> 1 | ... AY85: =IF(AY30="N/A",0,1) -> 1 | AZ85: =SUM(B85:AY85) -> 50
A86: Non Compliant | B86: =IF(B30="NO",1,0) -> 0 | C86: =IF(C30="NO",1,0) -> 0 | D86: =IF(D30="NO",1,0) -> 0 | E86: =IF(E30="NO",1,0) -> 0 | F86: =IF(F30="NO",1,0) -> 0 | G86: =IF(G30="NO",1,0) -> 0 | H86: =IF(H30="NO",1,0) -> 0 | I86: =IF(I30="NO",1,0) -> 0 | ... AY86: =IF(AY30="NO",1,0) -> 0 | AZ86: =SUM(B86:AY86) -> 0
A87: =A32 -> Assessment/Prioritization (HAST/RPT)
A88: Files Reviewed | B88: =IF(B32="",0,1) -> 0 | C88: =IF(C32="",0,1) -> 0 | D88: =IF(D32="",0,1) -> 0 | E88: =IF(E32="",0,1) -> 0 | F88: =IF(F32="",0,1) -> 0 | G88: =IF(G32="",0,1) -> 0 | H88: =IF(H32="",0,1) -> 0 | I88: =IF(I32="",0,1) -> 0 | ... AY88: =IF(AY32="",0,1) -> 0 | AZ88: =SUM(B88:AY88) -> 0
A89: Applicable Files | B89: =IF(B32="N/A",0,1) -> 1 | C89: =IF(C32="N/A",0,1) -> 1 | D89: =IF(D32="N/A",0,1) -> 1 | E89: =IF(E32="N/A",0,1) -> 1 | F89: =IF(F32="N/A",0,1) -> 1 | G89: =IF(G32="N/A",0,1) -> 1 | H89: =IF(H32="N/A",0,1) -> 1 | I89: =IF(I32="N/A",0,1) -> 1 | ... AY89: =IF(AY32="N/A",0,1) -> 1 | AZ89: =SUM(B89:AY89) -> 50
A90: Non Compliant | B90: =IF(B32="NO",1,0) -> 0 | C90: =IF(C32="NO",1,0) -> 0 | D90: =IF(D32="NO",1,0) -> 0 | E90: =IF(E32="NO",1,0) -> 0 | F90: =IF(F32="NO",1,0) -> 0 | G90: =IF(G32="NO",1,0) -> 0 | H90: =IF(H32="NO",1,0) -> 0 | I90: =IF(I32="NO",1,0) -> 0 | ... AY90: =IF(AY32="NO",1,0) -> 0 | AZ90: =SUM(B90:AY90) -> 0
A91: =A34 -> Documentation of Income at Entry
A92: Files Reviewed | B92: =IF(B34="",0,1) -> 0 | C92: =IF(C34="",0,1) -> 0 | D92: =IF(D34="",0,1) -> 0 | E92: =IF(E34="",0,1) -> 0 | F92: =IF(F34="",0,1) -> 0 | G92: =IF(G34="",0,1) -> 0 | H92: =IF(H34="",0,1) -> 0 | I92: =IF(I34="",0,1) -> 0 | ... AY92: =IF(AY34="",0,1) -> 0 | AZ92: =SUM(B92:AY92) -> 0
A93: Applicable Files | B93: =IF(B34="N/A",0,1) -> 1 | C93: =IF(C34="N/A",0,1) -> 1 | D93: =IF(D34="N/A",0,1) -> 1 | E93: =IF(E34="N/A",0,1) -> 1 | F93: =IF(F34="N/A",0,1) -> 1 | G93: =IF(G34="N/A",0,1) -> 1 | H93: =IF(H34="N/A",0,1) -> 1 | I93: =IF(I34="N/A",0,1) -> 1 | ... AY93: =IF(AY34="N/A",0,1) -> 1 | AZ93: =SUM(B93:AY93) -> 50
A94: Non Compliant | B94: =IF(B34="NO",1,0) -> 0 | C94: =IF(C34="NO",1,0) -> 0 | D94: =IF(D34="NO",1,0) -> 0 | E94: =IF(E34="NO",1,0) -> 0 | F94: =IF(F34="NO",1,0) -> 0 | G94: =IF(G34="NO",1,0) -> 0 | H94: =IF(H34="NO",1,0) -> 0 | I94: =IF(I34="NO",1,0) -> 0 | ... AY94: =IF(AY34="NO",1,0) -> 0 | AZ94: =SUM(B94:AY94) -> 0
A95: =A36 -> Documentation of VAWA
A96: Files Reviewed | B96: =IF(B36="",0,1) -> 0 | C96: =IF(C36="",0,1) -> 0 | D96: =IF(D36="",0,1) -> 0 | E96: =IF(E36="",0,1) -> 0 | F96: =IF(F36="",0,1) -> 0 | G96: =IF(G36="",0,1) -> 0 | H96: =IF(H36="",0,1) -> 0 | I96: =IF(I36="",0,1) -> 0 | ... AY96: =IF(AY36="",0,1) -> 0 | AZ96: =SUM(B96:AY96) -> 0
A97: Applicable Files | B97: =IF(B36="N/A",0,1) -> 1 | C97: =IF(C36="N/A",0,1) -> 1 | D97: =IF(D36="N/A",0,1) -> 1 | E97: =IF(E36="N/A",0,1) -> 1 | F97: =IF(F36="N/A",0,1) -> 1 | G97: =IF(G36="N/A",0,1) -> 1 | H97: =IF(H36="N/A",0,1) -> 1 | I97: =IF(I36="N/A",0,1) -> 1 | ... AY97: =IF(AY36="N/A",0,1) -> 1 | AZ97: =SUM(B97:AY97) -> 50
A98: Non Compliant | B98: =IF(B36="NO",1,0) -> 0 | C98: =IF(C36="NO",1,0) -> 0 | D98: =IF(D36="NO",1,0) -> 0 | E98: =IF(E36="NO",1,0) -> 0 | F98: =IF(F36="NO",1,0) -> 0 | G98: =IF(G36="NO",1,0) -> 0 | H98: =IF(H36="NO",1,0) -> 0 | I98: =IF(I36="NO",1,0) -> 0 | ... AY98: =IF(AY36="NO",1,0) -> 0 | AZ98: =SUM(B98:AY98) -> 0
A99: =A38 -> Habitability Inspection
A100: Files Reviewed | B100: =IF(B38="",0,1) -> 0 | C100: =IF(C38="",0,1) -> 0 | D100: =IF(D38="",0,1) -> 0 | E100: =IF(E38="",0,1) -> 0 | F100: =IF(F38="",0,1) -> 0 | G100: =IF(G38="",0,1) -> 0 | H100: =IF(H38="",0,1) -> 0 | I100: =IF(I38="",0,1) -> 0 | ... AY100: =IF(AY38="",0,1) -> 0 | AZ100: =SUM(B100:AY100) -> 0
A101: Applicable Files | B101: =IF(B38="N/A",0,1) -> 1 | C101: =IF(C38="N/A",0,1) -> 1 | D101: =IF(D38="N/A",0,1) -> 1 | E101: =IF(E38="N/A",0,1) -> 1 | F101: =IF(F38="N/A",0,1) -> 1 | G101: =IF(G38="N/A",0,1) -> 1 | H101: =IF(H38="N/A",0,1) -> 1 | I101: =IF(I38="N/A",0,1) -> 1 | ... AY101: =IF(AY38="N/A",0,1) -> 1 | AZ101: =SUM(B101:AY101) -> 50
A102: Non Compliant | B102: =IF(B38="NO",1,0) -> 0 | C102: =IF(C38="NO",1,0) -> 0 | D102: =IF(D38="NO",1,0) -> 0 | E102: =IF(E38="NO",1,0) -> 0 | F102: =IF(F38="NO",1,0) -> 0 | G102: =IF(G38="NO",1,0) -> 0 | H102: =IF(H38="NO",1,0) -> 0 | I102: =IF(I38="NO",1,0) -> 0 | ... AY102: =IF(AY38="NO",1,0) -> 0 | AZ102: =SUM(B102:AY102) -> 0
A103: =A40 -> Lead-based Pint Documentation
A104: Files Reviewed | B104: =IF(B40="",0,1) -> 0 | C104: =IF(C40="",0,1) -> 0 | D104: =IF(D40="",0,1) -> 0 | E104: =IF(E40="",0,1) -> 0 | F104: =IF(F40="",0,1) -> 0 | G104: =IF(G40="",0,1) -> 0 | H104: =IF(H40="",0,1) -> 0 | I104: =IF(I40="",0,1) -> 0 | ... AY104: =IF(AY40="",0,1) -> 0 | AZ104: =SUM(B104:AY104) -> 0
A105: Applicable Files | B105: =IF(B40="N/A",0,1) -> 1 | C105: =IF(C40="N/A",0,1) -> 1 | D105: =IF(D40="N/A",0,1) -> 1 | E105: =IF(E40="N/A",0,1) -> 1 | F105: =IF(F40="N/A",0,1) -> 1 | G105: =IF(G40="N/A",0,1) -> 1 | H105: =IF(H40="N/A",0,1) -> 1 | I105: =IF(I40="N/A",0,1) -> 1 | ... AY105: =IF(AY40="N/A",0,1) -> 1 | AZ105: =SUM(B105:AY105) -> 50
A106: Non Compliant | B106: =IF(B40="NO",1,0) -> 0 | C106: =IF(C40="NO",1,0) -> 0 | D106: =IF(D40="NO",1,0) -> 0 | E106: =IF(E40="NO",1,0) -> 0 | F106: =IF(F40="NO",1,0) -> 0 | G106: =IF(G40="NO",1,0) -> 0 | H106: =IF(H40="NO",1,0) -> 0 | I106: =IF(I40="NO",1,0) -> 0 | ... AY106: =IF(AY40="NO",1,0) -> 0 | AZ106: =SUM(B106:AY106) -> 0

Sheet PSHGuide
A2: Permanent Supportive Housing
A5: Documentation of Homelessness
A6: Agencies operating Emergency Solutions Grant (ESG) Street Outreach programs must document that each participant meets HUD’s Category 1: Literally Homeless definition (24 CFR §576.2) at the time services begin.
A7: A person is considered literally homeless if they are:
A8: Living in a place not meant for human habitation (such as streets, vehicles, abandoned buildings, or encampments),
A9: Staying in an emergency shelter, or
A10: Exiting an institution (such as jail, hospital, or treatment facility) where they stayed 90 days or less and were living in a place not meant for human habitation or in an emergency shelter immediately before entering the institution.
A11: Acceptable Documentation
A12: Agencies must maintain records showing the participant met the Category 1 definition at program entry. Acceptable documentation may include:
A13: Written verification from a street outreach worker confirming the person was observed living in a place not meant for human habitation.
A14: HMIS records showing the participant entered the program from a street outreach contact or emergency shelter.
A15: Discharge paperwork or written verification from an institution confirming the length of stay and prior homeless status.
... A386: Maintain all documentation to show compliance with HUD and EPA rules

Sheet PRCExit
A2: PR&C Exit Interview Form (Permanent Supportive Housing)
A4: Date | B4: Partner Agency | F4: Program | I4: Reviewers
A5: =PSHTool!B4 -> 0 | B5: =PSHTool!B2 -> 0 | F5: =PSHTool!B3 -> 0
A6: Client File Review Summary
A7: Standard | G7: Number of Applicable Files | I7: Number Non Compliant | K7: Compliance Percentage
A8: =PSHTool!A14 -> Documentation of Homlessness | G8: =PSHTool!AZ53 -> 50 | I8: =PSHTool!AZ54 -> 0 | K8: =1-(I8/G8) -> 1
A9: =PSHTool!A16 -> Duration or Episodes of Homelessness | G9: =PSHTool!AZ57 -> 50 | I9: =PSHTool!AZ58 -> 0 | K9: =1-(I9/G9) -> 1
A10: =PSHTool!A18 -> Documentation of Disability | G10: =PSHTool!AZ61 -> 50 | I10: =PSHTool!AZ62 -> 0 | K10: =1-(I10/G10) -> 1
A11: =PSHTool!A20 -> Annual Service Needs Assessment | G11: =PSHTool!AZ65 -> 50 | I11: =PSHTool!AZ66 -> 0 | K11: =1-(I11/G11) -> 1
A12: =PSHTool!A22 -> Termination and Appeals Acknowledgement | G12: =PSHTool!AZ69 -> 50 | I12: =PSHTool!AZ70 -> 0 | K12: =1-(I12/G12) -> 1
A13: =PSHTool!A24 -> Termination and Appeals Documentation | G13: =PSHTool!AZ73 -> 50 | I13: =PSHTool!AZ74 -> 0 | K13: =1-(I13/G13) -> 1
A14: =PSHTool!A26 -> Individualized Housing Stability Plans | G14: =PSHTool!AZ77 -> 50 | I14: =PSHTool!AZ78 -> 0 | K14: =1-(I14/G14) -> 1
A15: =PSHTool!A28 -> Case file documentation | G15: =PSHTool!AZ81 -> 50 | I15: =PSHTool!AZ82 -> 0 | K15: =1-(I15/G15) -> 1
A16: =PSHTool!A30 -> Lease | G16: =PSHTool!AZ85 -> 50 | I16: =PSHTool!AZ86 -> 0 | K16: =1-(I16/G16) -> 1
A17: =PSHTool!A32 -> Assessment/Prioritization (HAST/RPT) | G17: =PSHTool!AZ89 -> 50 | I17: =PSHTool!AZ90 -> 0 | K17: =1-(I17/G17) -> 1
A18: =PSHTool!A34 -> Documentation of Income at Entry | G18: =PSHTool!AZ93 -> 50 | I18: =PSHTool!BB93 -> 0 | K18: =1-(I18/G18) -> 1
A19: =PSHTool!A36 -> Documentation of VAWA | G19: =PSHTool!AZ97 -> 50 | I19: =PSHTool!BB97 -> 0 | K19: =1-(I19/G19) -> 1
A20: =PSHTool!A38 -> Habitability Inspection | G20: =PSHTool!AZ101 -> 50 | I20: =PSHTool!BB101 -> 0 | K20: =1-(I20/G20) -> 1
A21: =PSHTool!A40 -> Lead-based Pint Documentation | G21: =PSHTool!AZ105 -> 50 | I21: =PSHTool!BB105 -> 0 | K21: =1-(I21/G21) -> 1
A22: Overall Monitoring Score | G22: =SUM(G8:H17) -> 500 | I22: =SUM(I8:J17) -> 0 | K22: =1-(I22/G22) -> 1
A23: Standards feedback, recommendations and improvement needed
A26: Next Steps (Follow up)
B27: No follow up needed at this time. Final review and determination will be provided on the PR&C report
A28: x | B28: Please provide follow up information for the items listed below
A30: 1
A31: 2
A32: 3
A33: 4
A34: 5
